 Dungeon Crawl Stone Soup version 0.32-a0-995-gb4a59205af (webtiles) character file.

Game seed: 11866552912850039706

25 elagabalus the Firebug (level 2, 20/20 HPs)
             Began as a Demigod Fire Elementalist on Apr 22, 2024.
             Quit the game on level 1 of the Dungeon.
             The game lasted 00:05:25 (3340 turns).

elagabalus the Firebug (Demigod Fire Elementalist)  Turns: 3340, Time: 00:05:26

Health: 20/20      AC:  2    Str:  9    XL:     2   Next: 63%
Magic:  7/7        EV: 11    Int: 17    God:
Gold:   49         SH:  5    Dex: 14    Spells: 1/4 levels left

rFire   . . .        f - +0 dagger
rCold   . . .        (no shield)
rNeg    . . .        a - +0 robe
rPois   +            (no helmet)
rElec   .            (no cloak)
rCorr   .            (no gloves)
SInv    .            (no boots)
Will    .....        j - amulet of reflection
Stlth   ++           i - ring of poison resistance
HPRegen 0.23/turn    (no ring)
MPRegen 0.10/turn

%: reflection
@: no status effects
A: high MP 1, forlorn, divine attributes
a: no special abilities


You were on level 1 of the Dungeon.
You visited 1 branch of the dungeon, and saw 1 of its levels.

You collected 49 gold pieces.

Inventory:

Hand Weapons
 f - a +0 dagger (weapon)
Missiles
 g - 5 curare-tipped darts
 h - 4 poisoned darts
Armour
 a - a +0 robe (worn)
 d - a +0 leather armour
Jewellery
 i - a ring of poison resistance (left hand)
 j - an amulet of reflection (around neck)
Scrolls
 c - a scroll of immolation {unknown}
Potions
 b - a potion of magic
 e - 2 potions of heal wounds {unknown}


   Skills:
 - Level 1.7 Dodging
 - Level 1.7 Stealth
 - Level 1.7 Spellcasting
 * Level 1.2 Conjurations
 * Level 3.6 Fire Magic


You had one spell level left.
You knew the following spells:

 Your Spells              Type           Power      Damage    Failure   Level
a - Foxfire               Conj/Fire      36%        2x1d5     8%          1
b - Scorch                Fire           26%        2d6       7%          2

Your spell library contained the following spells:

 Spells                   Type           Power      Damage    Failure   Level
 Slow                     Hex            4%         N/A       21%         1
 Inner Flame              Hex/Fire       7%         N/A       28%         3
 Volatile Blastmotes      Fire/Tloc      14%        2d11      28%         3
 Confusing Touch          Hex            1%         N/A       52%         3
 Vampiric Draining        Necr           1%         2d6       52%         3
 Flame Wave               Conj/Fire      9%         2d6       58%         4


Dungeon Overview and Level Annotations

Branches:
Dungeon (1/15)


Innate Abilities, Weirdness & Mutations

You have an increased reservoir of magic. (+10% MP)
You shall have no god before yourself.
Your divine heritage dramatically boosts your attributes as you level up.


Message History

Done waiting.
You start waiting.
Done waiting.
You start waiting.
Done waiting.
You start waiting.
Done waiting.
You start waiting.
Done waiting.
You start waiting.
Done waiting.
You start waiting.
Done waiting.
You start waiting.
Done waiting.
You start waiting.
Done waiting.
You start waiting.
Done waiting.
You start waiting.
Done waiting.
You start waiting.
Done waiting.
You start waiting.
Done waiting.
You start waiting.
Done waiting.
You start waiting.
Done waiting.
You start waiting.
Done waiting.
You start waiting.
Done waiting.
You start waiting.
Done waiting.
You start waiting.
Done waiting.
You start waiting.
Done waiting.
Are you sure you want to abandon this character and quit the game? (Confirm with "yes".)

.###.##.# #########...#...##.#.
........# #......##.#..........
.##..#### #.##.#....#....ß.ß...
.##.## #.#.#...#####..._..#.
.##.# #.##.#....#.)..ß.ß... .##.#
#.##.#.##.#.#......## ###.#
#.##.#.##...##'##### #.#
#......######...## ##.# ####@###
##.....## # ##..# #.#
##.......###
....########.........#.........##
...#.................+.........'.
....########.##...##.#.........#.
.#.## # ##.## ##....)..##. .###
... ##.....###. .# #.# ##...## ##
.# #.# ##+# #


There were no monsters in sight!

Vanquished Creatures
  3 ball pythons (D:1)
  3 endoplasms (D:1)
  5 goblins (D:1)
  2 hobgoblins (D:1)
  3 jackals (D:1)
  A quokka (D:1)
  A bat (D:1)
  A frilled lizard (D:1)
  A kobold (D:1)
20 creatures vanquished.

Vanquished Creatures (others)
  26 foxfires (D:1)
26 creatures vanquished.

Grand Total: 46 creatures vanquished

Notes
Turn   | Place    | Note
-------+----------+-------------------------------------------
     0 | D:1      | elagabalus the Demigod Fire Elementalist began the quest
                  | for the Orb.
     0 | D:1      | Reached XP level 1. HP: 14/14 MP: 5/5
    42 | D:1      | Reached skill level 1 in Conjurations
    54 | D:1      | Reached skill level 3 in Fire Magic
   141 | D:1      | Reached XP level 2. HP: 20/20 MP: 1/7
   199 | D:1      | Learned a level 2 spell: Scorch
  3340 | D:1      | Quit the game

Illustrated notes

Levels and vault maps discovered:
D:1:      onia_arrival_pyramid, layout_loops_corners,
          chequers_ecumenical_altar_simple

Skill      XL: |  1 |
---------------+----+-----
Conjurations   | 1 |  1.2
Fire Magic     | 3 |  3.6
Dodging        | |  1.7
Stealth        | |  1.7
Spellcasting   | |  1.7

Action                     || total
---------------------------++-------
   Cast: Foxfire           ||    15
         Scorch            ||    11
 Armour: Robe              ||     7
  Dodge: Dodged            ||    11

Table legend: (Time is in decaauts)
 A = Elapsed time spent in this place.
 B = Non-inter-level travel time spent in this place.
 C = Inter-level travel time spent in this place.
 D = Time resting spent in this place.
 E = Time spent auto-exploring this place.
 F = Levels seen in this place.
 G = Mean time per level.
                   A        B        C        D        E       F      G
               +--------+--------+--------+--------+--------+-----+--------+
         Total |   3339 |   3339 |      0 |   2707 |      0 |   1 | 3339.0 |
       Dungeon |   3339 |   3339 |      0 |   2707 |      0 |   1 | 3339.0 |
               +--------+--------+--------+--------+--------+-----+--------+

Top non-repeatable levels by time:
     D:1: 3339 daAuts
